Construct Section Command Post
Selects Indian Artillery Battlegroup
Construct Platoon Command Post
Selects Artillery Saturation
Construct Field Infirmary
6-pounder Anti-tank Gun Team
Unlock Bishop Self-propelled Artillery
Selects Off-map Airburst Barrage
Bishop Self-propelled Artillery
Bishop Self-propelled Artillery
Bishop Self-propelled Artillery
Selects Perimeter Monitor
Bishop Self-propelled Artillery
Bishop Self-propelled Artillery
Selects Gurkha Rifles Section
Bishop Self-propelled Artillery
Bishop Self-propelled Artillery
Bishop Self-propelled Artillery